AoeStats
← Buzz Lightyear

Arena

506538711Analyzed
4v4 RM · 20d ago on Sep 14, 2026· 37m 17s· 8 players
Game mode
Random Map
Map size
Large (8 player)
Population
200
Speed
Normal
Resources
Standard
Victory
Conquest
Starting age
Dark Age
Ending age
Imperial Age
RankedLock teamsTeams togetherTeam positionsShared explorationLock speedFull tech treeHidden civsTurbo modeCheats
Victory
Defeat
🇫🇷 Tatars · France
1130
+14
🇦🇷 Franks · Argentina
1130
+14
🇵🇪 Bohemians · Peru
1108
+14
🇨🇱 Cumans · Chile
1079
+15
🇺🇸 Ethiopians · United States
1085
-15
🇵🇪 Bohemians · Peru
1085
-15
🇨🇴 Byzantines · Colombia
1077
-14
🇵🇪 Goths · Peru
1053
-13
POOPDAD
10:43 Feudal Age
11:32 Double-Bit Axe
17:36 Castle Age
16:17 Fletching
16:59 Padded Archer Armor
17:06 Padded Archer Armor
17:04 Horse Collar
20:11 Crossbowman
22:17 Loom
23:11 Wheelbarrow
24:17 Bodkin Arrow
24:37 Town Watch
27:59 Hand Cart
29:07 Ballistics
30:27 Heavy Plow
31:26 Thumb Ring
31:42 Squires
31:58 Scale Mail Armor
32:08 Forging
32:14 Leather Archer Armor
35:15 Imperial Age
33:13 Arson
33:38 Elite Skirmisher
36:21 Conscription
36:41 Ring Archer Armor
36:11 Bracer
ConejoMalo
11:16 Feudal Age
16:17 Castle Age
14:32 Double-Bit Axe
16:23 Crossbowman
19:05 Bow Saw
25:18 Fletching
25:26 Horse Collar
26:18 Padded Archer Armor
26:16 Bodkin Arrow
26:50 Padded Archer Armor
27:45 Ballistics
27:47 Gold Mining
28:35 Thumb Ring
28:42 Padded Archer Armor
29:51 Wheelbarrow
29:20 Heavy Plow
29:58 Leather Archer Armor
30:22 Scale Mail Armor
34:01 Imperial Age
31:49 Chain Mail Armor
30:58 Pikeman
32:03 Forging
33:30 Redemption
33:39 Hand Cart
34:04 Gold Shaft Mining
35:30 Bracer
37:13 Chemistry
36:10 Arbalester
jochizan
11:27 Feudal Age
15:28 Castle Age
13:35 Double-Bit Axe
13:46 Horse Collar
16:25 Wheelbarrow
17:04 Bow Saw
18:04 Heavy Plow
18:44 Loom
27:59 Imperial Age
26:14 Scale Mail Armor
26:15 Padded Archer Armor
26:26 Forging
26:51 Hand Cart
28:05 Town Watch
28:41 Pikeman
29:21 Squires
30:48 Chemistry
29:29 Treadmill Crane
30:00 Masonry
29:46 Murder Holes
30:01 Fortified Wall
30:39 Town Patrol
31:43 Two-Man Saw
31:23 Conscription
32:05 Iron Casting
31:23 Fletching
31:27 Elite Skirmisher
31:39 Halberdier
33:33 Architecture
33:14 Siege Engineers
34:48 Blast Furnace
34:03 Chain Mail Armor
34:05 Leather Archer Armor
33:46 Bodkin Arrow
34:50 Ballistics
Sumyil
10:24 Feudal Age
10:57 Double-Bit Axe
16:16 Castle Age
29:03 Wheelbarrow
28:14 Loom
28:15 Town Watch
28:58 Forging
28:48 Scale Mail Armor
29:32 Squires
34:11 Imperial Age
31:52 Horse Collar
32:04 Gold Mining
32:06 Stone Mining
32:54 Bow Saw
32:54 Anarchy
33:20 Hand Cart
33:26 Town Patrol
34:32 Iron Casting
34:12 Chain Mail Armor
34:21 Pikeman
35:06 Perfusion
35:26 Conscription
36:14 Two-Man Saw
34:56 Elite Huskarl
36:20 Halberdier
38:14 Blast Furnace
38:00 Stone Shaft Mining
Buzz Lightyear
4:54 Loom
10:45 Feudal Age
15:38 Castle Age
13:35 Double-Bit Axe
14:16 Horse Collar
18:20 Town Watch
26:07 Heavy Plow
26:18 Bow Saw
30:43 Imperial Age
29:11 Wheelbarrow
30:12 Chemistry
30:26 Forging
30:17 Scale Mail Armor
31:47 Ballistics
32:03 Conscription
31:52 Wagenburg Tactics
32:50 Hand Cart
32:03 Houfnice
32:37 Pikeman
33:39 Squires
33:26 Arson
33:58 Chain Mail Armor
34:19 Iron Casting
34:00 Siege Engineers
35:11 Halberdier
37:32 Two-Man Saw
belen_dhv
3:34 Loom
13:26 Feudal Age
17:54 Castle Age
17:50 Double-Bit Axe
18:16 Horse Collar
19:38 Bow Saw
21:09 Heavy Plow
22:01 Gold Mining
24:18 Wheelbarrow
24:07 Stone Mining
24:53 Gold Shaft Mining
25:11 Gold Shaft Mining
25:31 Hand Cart
29:19 Forging
29:14 Scale Barding Armor
29:20 Scale Mail Armor
31:58 Imperial Age
29:52 Murder Holes
29:44 Capped Ram
32:00 Iron Casting
31:45 Chain Barding Armor
32:03 Bloodlines
32:14 Cavalier
33:29 Siege Ram
35:15 Blast Furnace
34:50 Plate Barding Armor
33:41 Paladin
36:29 Light Cavalry
deagle
11:22 Feudal Age
12:46 Double-Bit Axe
15:37 Castle Age
14:42 Gold Mining
24:37 Wheelbarrow
26:55 Hand Cart
30:51 Imperial Age
28:08 Town Watch
28:10 Loom
28:49 Stone Mining
29:33 Town Patrol
32:33 Chemistry
32:15 Bow Saw
32:32 Conscription
35:53 Fortified Wall
35:37 Fletching
Naru
10:14 Feudal Age
14:45 Castle Age
12:39 Double-Bit Axe
13:48 Horse Collar
16:09 Bow Saw
16:02 Heavy Plow
21:52 Gold Mining
21:54 Stone Mining
22:46 Wheelbarrow
23:39 Gold Shaft Mining
25:21 Hand Cart
26:36 Loom
29:33 Imperial Age
27:27 Ballistics
27:37 Fletching
27:47 Padded Archer Armor
27:54 Scale Barding Armor
29:04 Fortified Wall
28:53 Bodkin Arrow
29:16 Leather Archer Armor
29:06 Husbandry
30:01 Town Watch
31:23 Chemistry
31:26 Crop Rotation
30:36 Heavy Cavalry Archer
31:26 Bracer
31:56 Ring Archer Armor
32:56 Silk Armor
33:13 Bloodlines
33:36 Ring Archer Armor
33:27 Chain Barding Armor
36:16 Elite Steppe Lancer
36:59 Heavy Camel Rider
Connection lost

Rejoining the realm…

Still unreachable

The connection could not be restored.

Session expired

The server has moved on; the page needs a fresh start.